 Dungeon Crawl Stone Soup version 0.28-a0-821-g923ab73998 (webtiles) character file.

Game seed: 13479798557545005220

6065 BinkBink the Destroyer (level 10, -2/76 HPs)
             Began as a Demonspawn Fire Elementalist on Nov 9, 2021.
             Was a Follower of Sif Muna.
             Slain by Harold (16 damage)
             ... on level 9 of the Dungeon.
             The game lasted 00:35:51 (13787 turns).

BinkBink the Destroyer (DsFE)                      Turns: 13787, Time: 00:35:56

Health: -2/76      AC:  8    Str:  9    XL:     10   Next: 57%
Magic:  15/21      EV:  6    Int: 19    God:    Sif Muna [*.....]
Gold:   546        SH:  0    Dex: 20    Spells: 23/24 levels left

rFire   + + .      SeeInvis +   x - +9 quarterstaff of Recklessness {drain, rF++}
rCold   . . .      Faith    .   (shield currently unavailable)
rNeg    . . .      Spirit   .   a - +1 robe
rPois   .          Reflect  .   (no helmet)
rElec   .          Harm     .   g - +1 cloak
rCorr   .          Rampage  .   (no gloves)
Will    .....                   (no boots)
Stlth   ++........              (no amulet)
HPRegen 0.22/turn               e - +6 ring of dexterity
MPRegen 0.17/turn               r - ring of see invisible

@: mighty, marked, held
A: hooves 2, thin metallic scales 2, ignite blood 2
a: Renounce Religion, Channel Magic


You were on level 9 of the Dungeon.
You worshipped Sif Muna.
Sif Muna was aware of your devotion.
You visited 2 branches of the dungeon, and saw 10 of its levels.

You collected 546 gold pieces.

Inventory:

Hand Weapons
 c - a +1 dagger of speed
 x - the +9 quarterstaff of Recklessness (weapon) {drain, rF++}
   (You found it on level 7 of the Dungeon)

   A truly terrible weapon, it drains the life of any living foe it strikes.
   rF:        It greatly protects you from fire.
 F - a +3 arbalest
Armour
 a - a +1 robe (worn)
 g - a +1 cloak (worn)
 k - the +3 ring mail of Suriwen {-Tele Str+6 Slay+3}
   (You found it on level 7 of the Dungeon)

   Str:       It affects your strength (+6).
   Slay:      It affects your accuracy & damage with ranged weapons and melee
   (+3).
   -Tele:     It prevents most forms of teleportation.
 G - +0 acid dragon scales
 H - a +0 plate armour
Jewellery
 e - a +6 ring of dexterity (left hand)
 r - a ring of see invisible (right hand)
Wands
 b - a wand of polymorph (9)
 n - a wand of iceblast (22)
 p - a wand of paralysis (7)
 u - a wand of flame (10)
 y - a wand of digging (5)
 E - a wand of charming (6)
Scrolls
 d - 5 scrolls of noise {unknown}
 f - 3 scrolls of fog {unknown}
 m - 7 scrolls of identify
 s - a scroll of summoning {unknown}
 t - 4 scrolls of enchant weapon
 v - 3 scrolls of amnesia
 w - a scroll of magic mapping {unknown}
 B - 2 scrolls of enchant armour
 I - a scroll of vulnerability {unknown}
Potions
 h - a potion of lignification {unknown}
 i - a potion of resistance {unknown}
 j - a potion of magic
 l - 2 potions of brilliance {unknown}
 o - 3 potions of mutation {unknown}
 q - a potion of might
 z - a potion of ambrosia {unknown}
 A - a potion of degeneration {unknown}
 C - 3 potions of curing {unknown}
 D - a potion of cancellation {unknown}


   Skills:
 * Level 6.0 Fighting
 - Level 0.3 Short Blades
 * Level 2.5 Staves
 * Level 1.2 Armour
 - Level 1.7 Dodging
 - Level 1.7 Stealth
 + Level 7.7 Spellcasting
 * Level 9.7 Conjurations
 + Level 6.9 Fire Magic


You had 23 spell levels left.
You knew the following spells:

 Your Spells              Type           Power      Damage    Failure   Level
a - Foxfire               Conj/Fire      100%       2x1d9     1%          1

Your spell library contained the following spells:

 Spells                   Type           Power      Damage    Failure   Level
 Magic Dart               Conj           100%       1d8       1%          1
 Scorch                   Fire           66%        2d8       1%          2
 Searing Ray              Conj           88%        2d7       1%          2
 Conjure Flame            Conj/Fire      38%        6-21      1%          3
 Dazzling Flash           Conj/Hex       50%        N/A       3%          3
 Stone Arrow              Conj/Erth      50%        3d10      3%          3
 Flame Wave               Conj/Fire      38%        3d8       3%          4
 Inner Flame              Hex/Fire       20%        N/A       7%          3
 Beastly Appendage        Tmut           14%        N/A       10%         1
 Sandblast                Erth           14%        2d6       10%         1
 Fulminant Prism          Conj/Hex       12%        3d9       13%         4
 Iskenderun's Mystic Bla  Conj/Tloc      25%        2d7       13%         4
 Passwall                 Tmut/Erth      5%         N/A       14%         2
 Wereblood                Tmut           7%         N/A       14%         2
 Gell's Gravitas          Tloc           7%         N/A       28%         3
 Spider Form              Tmut/Pois      7%         N/A       28%         3
 Teleport Other           Tloc           7%         N/A       28%         3
 Starburst                Conj/Fire      19%        6d7       43%         6
 Borgnjor's Vile Clutch   Necr/Erth      3%         N/A       95%         5
 Dispersal                Tloc           3%         N/A       100%        6


Dungeon Overview and Level Annotations

Branches:
Dungeon (9/15)             Temple (1/1) D:7
   Lair: D:8-11         Orc: D:9-12

Altars:
Dithmenos
Elyvilon
Fedhas
Gozag
Hepliaklqana
Kikubaaqudgha
Makhleb
Nemelex Xobeh
Okawaru
Qazlal
Ru
Sif Muna
Trog
Uskayaw
Vehumet
Wu Jian
Xom
Yredelemnul
Zin
The Shining One

Shops:
D:7 (*   D:8 *   D:9 (

Annotations:
D:9 Harold


Innate Abilities, Weirdness & Mutations

You have hoof-like feet.
You are mostly covered in thin metallic scales. (AC +3)
Your demonic aura often causes spilled blood to erupt in flames.


Message History

The boulder beetle is lightly wounded.
The foxfire hits the boulder beetle.
The boulder beetle is moderately wounded.
The boulder beetle barely misses you.
The boulder beetle is engulfed in blazing flames.
The manticore flicks its tail.
The volley of spikes hits you.
The barbed spikes become lodged in your body.
The barbs in your skin will harm you if you move.
Continue?
Okay, then.
As you read the scroll labelled RUMOCI KOTIO, it crumbles to dust.
It is a scroll of amnesia.
Really abort (and waste the scroll)?
Okay, then.
The boulder beetle leaps!
Harold is engulfed in blazing flames.
Harold throws a throwing net.
The throwing net hits you.
You become entangled in the net!
You are too injured to fight recklessly!
Casting: Foxfire (safe; 1% risk of failure)
Confirm with . or Enter, or press ? or * to list all spells.
You conjure some foxfire!
A centaur comes into view.
It is wielding a +2 rapier of draining and wearing the amulet "Lygoyny" {RegenMP rC+}.
Harold says, "Try to look on the bright side.
Your death will help put my children through school."
The foxfire hits Harold!
Harold is moderately wounded.
It was a potion of might.
You feel very mighty all of a sudden.
The foxfire hits Harold.
Harold is moderately wounded.
The boulder beetle waves its antennae.
The boulder beetle curls into a ball and begins rolling!
A manticore comes into view.
You struggle against the net.
You carefully extract the barbed spikes from your body.
The vampire mosquito barely misses you. The vampire mosquito bites you.
The vampire mosquito draws strength from your injuries!
Harold hits you with a +4 battleaxe of electrocution!!
* * * LOW HITPOINT WARNING * * *
You are electrocuted!
You die...

.##.................#
.##................# ..
##.#...○............# =.
##..#....○(......##### ).
#...........H...## |.
##..#z.DH..HD..## ..
##.#.######c### @. ##.##.#
#y@# ..##.##..## ##@#
...B##....######.########
#.###.......#.....#.....##
.........................##
.####..#..#...............#
. ##.##.#...............# #
#....#...............#
####.#..#...............#
##.......#.......[.......#


You could see Harold, a centaur warrior, 2 manticores, a steam dragon and a
vampire mosquito.

Vanquished Creatures
  Erica (D:8)
  An ugly thing (D:9)
  Sigmund (D:6)
  A yak (D:8)
  2 wyverns (D:9)
  2 swamp worms (D:8)
  An acid dragon (D:8)
  A water moccasin (D:7)
  4 ice beasts
  2 sky beasts
  3 orc warriors
  A hornet zombie (D:9)
  A necrophage (D:5)
  2 centaurs (D:8)
  2 phantoms
  A kobold brigand (D:8)
  Blork the orc (D:6)
  2 scorpions
  2 wyvern zombies
  5 bullfrogs
  A water moccasin skeleton (D:5)
  6 killer bees (D:7)
  5 wights (D:6)
  A howler monkey (D:9)
  3 centaur zombies
  2 hounds
  5 orc priests
  4 jellies
  5 bullfrog zombies
  2 centaur skeletons
  2 gnoll shamans
  2 bullfrog skeletons
  Natasha (thrice) (D:2)
  3 iguanas
  11 orc wizards
  4 howler monkey zombies
  3 gnolls (D:6)
  5 adders
  2 white imps
  7 worms
  An adder skeleton (D:4)
  4 dart slugs
  26 orcs
  6 endoplasms
  2 giant cockroaches (D:1)
  7 goblins
  3 hobgoblins
  7 jackals
  2 quokkas
  10 ball pythons
  7 bats
  A frilled lizard (D:1)
  7 kobolds
  8 rats
203 creatures vanquished.

Vanquished Creatures (collateral kills)
  6 foxfires
6 creatures vanquished.

Vanquished Creatures (others)
  1264 foxfires
  3 plants (D:8)
1267 creatures vanquished.

Grand Total: 1476 creatures vanquished

Notes
Turn   | Place    | Note
-------+----------+-------------------------------------------
     0 | D:1      | BinkBink the Demonspawn Fire Elementalist began the quest
                  | for the Orb.
     0 | D:1      | Reached XP level 1. HP: 13/13 MP: 3/3
   322 | D:1      | Gained mutation: You are partially covered in thin metallic
                  | scales. (AC +2) [demonic ancestry]
   322 | D:1      | Reached XP level 2. HP: 20/20 MP: 3/5
   825 | D:1      | Reached skill level 1 in Fighting
   892 | D:1      | Found a faded altar of an unknown god.
  1118 | D:2      | Gained mutation: You have large cloven feet. [demonic
                  | ancestry]
  1118 | D:2      | Reached XP level 3. HP: 26/26 MP: 4/6
  1812 | D:2      | Reached skill level 2 in Conjurations
  2242 | D:2      | Gained mutation: Your demonic aura sometimes causes spilled
                  | blood to erupt in flames. [demonic ancestry]
  2242 | D:2      | Reached XP level 4. HP: 32/32 MP: 0/7
  2370 | D:2      | Found Bayshry's Magic Scroll Shoppe.
  2370 | D:2      | Noticed Natasha
  2383 | D:2      | Killed Natasha
  2498 | D:2      | Noticed Natasha
  2502 | D:2      | Killed Natasha
  3141 | D:3      | You fall into a shaft and drop 3 floors!
  3141 | D:6      | Noticed an ice beast
  3141 | D:6      | Found a basalt altar of Yredelemnul.
  3145 | D:6      | HP: 1/32 [ice beast (12)]
  3163 | D:6      | Gained mutation: You have hoof-like feet. [demonic
                  | ancestry]
  3163 | D:6      | Reached XP level 5. HP: 22/38 MP: 2/9
  3317 | D:5      | Entered Level 5 of the Dungeon
  3437 | D:5      | Reached skill level 3 in Conjurations
  3534 | D:5      | Noticed a necrophage
  3548 | D:5      | Noticed an ice beast
  3584 | D:5      | Killed a necrophage
  3585 | D:5      | Gained mutation: You are mostly covered in thin metallic
                  | scales. (AC +3) [demonic ancestry]
  3585 | D:5      | Reached XP level 6. HP: 43/44 MP: 11/11
  3833 | D:5      | Killed an ice beast
  3834 | D:5      | Reached skill level 4 in Conjurations
  3953 | D:5      | Reached XP level 7. HP: 36/51 MP: 0/12
  4468 | D:5      | Reached skill level 5 in Conjurations
  5396 | D:4      | Found an ornate altar of the Wu Jian Council.
  5512 | D:4      | Reached XP level 8. HP: 35/58 MP: 9/14
  6429 | D:2      | Noticed Natasha
  6433 | D:2      | Killed Natasha
  6754 | D:6      | Reached skill level 6 in Conjurations
  6946 | D:6      | Reached skill level 5 in Spellcasting
  6946 | D:6      | Reached skill level 5 in Fire Magic
  7531 | D:6      | Noticed Blork the orc
  7550 | D:6      | Killed Blork the orc
  7551 | D:6      | Reached skill level 7 in Conjurations
  7947 | D:6      | Reached XP level 9. HP: 56/66 MP: 6/17
  8190 | D:6      | Noticed Sigmund
  8226 | D:6      | Killed Sigmund
  8448 | D:6      | Found a blossoming altar of Fedhas.
  8574 | D:7      | Found Araat's Antique Weapon Emporium.
  9026 | D:7      | Found Weekuf's Lightly-Used Armoury.
  9138 | D:7      | Reached skill level 5 in Fighting
  9138 | D:7      | Reached skill level 8 in Conjurations
  9338 | D:7      | Identified the +3 ring mail of Suriwen {-Tele Str+6 Slay+3}
  9948 | D:7      | Found an iron altar of Okawaru.
 10038 | D:7      | Identified the +9 quarterstaff of Recklessness {drain,
                  | rF++}
 10112 | D:7      | Found a staircase to the Ecumenical Temple.
 10697 | Temple   | Entered the Ecumenical Temple
 10817 | Temple   | Became a worshipper of Sif Muna the Loreminder
 10881 | D:8      | Found Holaoghi's Humungous Hoard.
 11003 | D:8      | Noticed Erica
 11015 | D:8      | Killed Erica
 11016 | D:8      | Reached skill level 1 in Staves
 11016 | D:8      | Gained mutation: Your demonic aura often causes spilled
                  | blood to erupt in flames. [demonic ancestry]
 11016 | D:8      | Reached XP level 10. HP: 74/74 MP: 5/20
 11271 | D:8      | Reached skill level 9 in Conjurations
 12263 | D:8      | Got Sif Muna's Collected Works on Ashen Contamination
 12684 | D:9      | Noticed a two-headed ogre
 12706 | D:9      | Found Pot Mawk's Weapon Shop.
 13501 | D:9      | Reached * piety under Sif Muna
 13758 | D:9      | Noticed Harold
 13759 | D:9      | Noticed a purple ugly thing
 13764 | D:9      | Noticed a boulder beetle
 13772 | D:9      | Noticed a centaur warrior
 13773 | D:9      | Killed a purple ugly thing
 13773 | D:9      | Noticed a manticore
 13774 | D:9      | Reached skill level 1 in Armour
 13785 | D:9      | Identified the amulet "Lygoyny" {RegenMP rC+}
 13786 | D:9      | Noticed a manticore
 13787 | D:9      | Slain by Harold

Illustrated notes

Levels and vault maps discovered:
D:1:      dpeg_arrival_connections, layout_loops_ring,
          ebering_ecumenical_altar_hall, minmay_pentomino_w4
D:2:      layout_rooms, serial_shops, shop, grunt_ministairs_14, uniq_natasha
D:3:      layout_basic
D:4:      layout_rooms, nicolae_wu_jian_wuxing_cycle
D:5:      layout_loops_cross, serial_bayou_crossing
D:6:      layout_loops_ring, amethyst_overflow_temple_binary,
          uniq_blork_the_orc, uniq_sigmund
D:7:      layout_layer_cave, mainiacjoe_overflow_paths, temple_statues,
          serial_shops, kennysheep_mini, minmay_shop_damaged
D:8:      kennysheep_blocky_hall, layout_basic, nicolae_alphabet_shops,
          minmay_misc_feat_four_crosses, worms_lemuel, uniq_erica
D:9:      minmay_the_grid_octo_triangle [minmay_the_grid_octo_checkerflower,
          minmay_the_grid_octo_prize_ultimate_mussel_roller,
          minmay_the_grid_octo_thin_diamonds], layout_rooms, serial_shops, shop,
          uniq_harold
Temple:   regret_index_temple_sphere_string

Skill      XL: |  1  2  3  4  5  6  7  8  9 10 |
---------------+-------------------------------+-----
Fire Magic     | 3 4 5 6 |  6.9
Fighting       | 1 2 3 4 5 6 |  6.0
Conjurations   | 2 3 4 5 7 8 9 |  9.7
Spellcasting   | 3 4 5 7 |  7.7
Staves         | 1 2 |  2.5
Armour         | 1 |  1.2
Short Blades   | |  0.3
Dodging        | |  1.7
Stealth        | |  1.7

Action                   |  1- 3 |  4- 6 |  7- 9 | 10-12 || total
-------------------------+-------+-------+-------+-------++-------
Melee: Dagger            |       |     9 |    25 |       ||    34
       Kick              |       |     2 |     6 |       ||     8
       Quarterstaff      |       |       |       |     1 ||     1
 Cast: Foxfire           |   105 |    86 |   391 |   174 ||   756
  Use: Potion            |       |     7 |     2 |     1 ||    10
       Scroll            |       |     5 |     1 |     2 ||     8
 Stab: Invisible         |       |     1 |       |       ||     1
Armor: Robe              |     5 |    11 |    61 |    13 ||    90
Dodge: Dodged            |    14 |    29 |    97 |    37 ||   177

Table legend: (Time is in decaauts)
 A = Elapsed time spent in this place.
 B = Non-inter-level travel time spent in this place.
 C = Inter-level travel time spent in this place.
 D = Time resting spent in this place.
 E = Time spent auto-exploring this place.
 F = Levels seen in this place.
 G = Mean time per level.
                   A        B        C        D        E       F      G
               +--------+--------+--------+--------+--------+-----+--------+
         Total |  13837 |  13219 |    618 |      0 |  11098 |  10 | 1383.7 |
       Dungeon |  13704 |  13111 |    593 |      0 |  11005 |   9 | 1522.7 |
        Temple |    133 |    108 |     25 |      0 |     93 |   1 |  133.0 |
               +--------+--------+--------+--------+--------+-----+--------+

Top non-repeatable levels by time:
     D:8: 2304 daAuts
     D:7: 2204 daAuts
     D:6: 2117 daAuts
     D:5: 1662 daAuts
     D:2: 1394 daAuts
     D:1: 1349 daAuts
     D:3: 1176 daAuts
     D:4: 843 daAuts
     D:9: 650 daAuts
  Temple: 133 daAuts
